 Seeded DCSS version 0.30-a0-881-g1ff12e1e11 (webtiles) character file.

Game seed: 14947281242041613520 (custom seed)

4 Parcival the Chopper (level 1, 18/18 HPs)
             Began as a Minotaur Gladiator on Mar 14, 2023.
             Quit the game on level 1 of the Dungeon.
             The game lasted 00:00:20 (145 turns).

Parcival the Chopper (Minotaur Gladiator)            Turns: 145, Time: 00:00:20

Health: 18/18      AC:  3    Str: 18    XL:     1   Next: 58%
Magic:  0/0        EV: 12    Int:  5    God:
Gold:   14         SH:  0    Dex: 11    Spells: 0/0 levels left

rFire   . . .      SeeInvis .    a - +0 war axe
rCold   . . .      Faith    .    (no shield)
rNeg    . . .      Spirit   .    b - +0 leather armour
rPois   .          Reflect  .    c - +0 hat
rElec   .          Rampage  .    (no cloak)
rCorr   .                        (no gloves)
Will    .....                    (no boots)
Stlth   +                        (no amulet)
HPRegen 0.23/turn                (no ring)
MPRegen 0.07/turn                (no ring)

@: no status effects
A: horns 2, retaliatory headbutt
a: no special abilities


You were on level 1 of the Dungeon.
You visited 1 branch of the dungeon, and saw 1 of its levels.

You collected 14 gold pieces.

Inventory:

Hand Weapons
 a - a +0 war axe (weapon)
Missiles
 d - 3 throwing nets (quivered)
 e - a javelin
Armour
 b - a +0 leather armour (worn)
 c - a +0 hat (worn)
Scrolls
 f - a scroll of fog {unknown}
 g - 3 scrolls of identify {unknown}


   Skills:
 + Level 2.4 Fighting
 + Level 3.8 Axes
 + Level 2.0 Throwing
 + Level 3.4 Dodging


You couldn't memorise any spells.
You didn't know any spells.
Your spell library contained the following spells:

 Spells                   Type           Power      Damage    Failure   Level
 Beastly Appendage        Tmut           0%         N/A       54%         1
 Wereblood                Tmut           0%         N/A       67%         2
 Spider Form              Tmut/Pois      0%         N/A       88%         3


Dungeon Overview and Level Annotations

Branches:
Dungeon (1/15)

Altars:


Innate Abilities, Weirdness & Mutations

You have a pair of horns on your head.
You reflexively headbutt those who attack you in melee.


Message History

A bat is nearby!
You hit the bat.
The bat is severely wounded.
The bat barely misses you. You furiously retaliate!
You headbutt the bat.
You kill the bat!
Found a robe.
A goblin comes into view. It is wielding a +0 club.
Found a scroll labelled ENAMUALIRE.
You see here a bat corpse.
The goblin hits you but does no damage. The goblin hits you with a +0 club.
The goblin closely misses you. You furiously retaliate!
You headbutt the goblin. The goblin attacks as you move away!
The goblin completely misses you.
Found 3 scrolls labelled YBLIGO ORETIRCH.
You slash the goblin!
You kill the goblin!
f - a scroll labelled ENAMUALIRE
g - 3 scrolls labelled YBLIGO ORETIRCH An endoplasm comes into view.
An endoplasm is nearby!
The endoplasm quivers.
The endoplasm barely misses you. The endoplasm barely misses you.
You furiously retaliate!
You headbutt the endoplasm, but do no damage.
You barely miss the endoplasm.
The endoplasm hits you but does no damage.
You hit the endoplasm but do no damage. The endoplasm freezes you.
You are frozen.
The endoplasm hits you.
You hit the endoplasm. You headbutt the endoplasm.
You kill the endoplasm!
HP restored.
You now have 2 gold pieces.
You see here a +2 mace of holy wrath.
You now have 14 gold pieces (gained 12).
You see here a +0 short sword of electrocution.
You pick up a book of Changes and begin reading...
You add the spells Beastly Appendage, Wereblood and Spider Form to your library.
Are you sure you want to abandon this character and quit the game? (Confirm with "yes".)

.. ###### # ...
.......#######
#..####.###.......#######
.........................
#.#...#...######@........
...........###...........
#.##...........##########
...##........### #####
##..#........# ##....
...........).####...#
##..................#
##.............#....#
....#........#......#####


There were no monsters in sight!

Vanquished Creatures
  2 bats (D:1)
  An endoplasm (D:1)
  A goblin (D:1)
4 creatures vanquished.

Notes
Turn   | Place    | Note
-------+----------+-------------------------------------------
     0 | D:1      | Parcival the Minotaur Gladiator began the quest for the
                  | Orb.
     0 | D:1      | Reached XP level 1. HP: 18/18 MP: 0/0
   145 | D:1      | Quit the game

Illustrated notes

Levels and vault maps discovered:
D:1:      pf_arrival_petrified_forest, layout_rooms,
          dreamdust_ecumenical_altar_sealed_demon

Action                     || total
---------------------------++-------
  Melee: War axe           ||     7
         Headbutt          ||     1
 Armour: Leather armour    ||     4
  Dodge: Dodged            ||    16

Table legend: (Time is in decaauts)
 A = Elapsed time spent in this place.
 B = Non-inter-level travel time spent in this place.
 C = Inter-level travel time spent in this place.
 D = Time resting spent in this place.
 E = Time spent auto-exploring this place.
 F = Levels seen in this place.
 G = Mean time per level.
                   A        B        C        D        E       F      G
               +--------+--------+--------+--------+--------+-----+--------+
         Total |    147 |    147 |      0 |      0 |    102 |   1 |  147.0 |
       Dungeon |    147 |    147 |      0 |      0 |    102 |   1 |  147.0 |
               +--------+--------+--------+--------+--------+-----+--------+

Top non-repeatable levels by time:
     D:1: 147 daAuts
